Cogmind - Beta 10.1 *** ADVENTURER MODE // 2020.10.06 @ 18:10:20 Player: Vetulus Result: Self-destructed Performance ------------- Evolutions (1) 500 Regions Visited (2) 400 Robots Destroyed (29) 145 Value Destroyed (777) 777 Prototype IDs (2) 40 Alien Tech Used (0) 0 Bonus (0) 0 TOTAL SCORE: 1862 Bonus ------- None Cogmind --------- Core Integrity 290/400 Matter 290/300 Energy 100/100 System Corruption 0% Temperature Cool (181) Movement Walking (130) Location -9/Materials Parts ------- > --- POWER (1) -------- (None) > --- PROPULSION (4) --- Titanium Leg Titanium Leg Titanium Leg Titanium Leg > --- UTILITY (2) ------ Large Storage Unit Visual Processing Unit > --- WEAPON (2) ------- (None) > --- INVENTORY (10) --- Light Ion Engine Light Ion Engine Improved Ion Engine Large Storage Unit Large Storage Unit Hacking Suite Small Laser Grenade Launcher Peak State ------------ > --- POWER ------------ Light Nuclear Core > --- PROPULSION ------- Titanium Leg Titanium Leg Titanium Leg Titanium Leg > --- UTILITY ---------- Large Storage Unit Visual Processing Unit > --- WEAPON ----------- Particle Gun Shotgun > --- INVENTORY -------- Light Ion Engine Light Ion Engine Improved Ion Engine Large Storage Unit Large Storage Unit Hacking Suite Small Laser Grenade Launcher [Rating: 23] Favorites ----------- Power Ion Engine Engine Ion Engine Power Core Light Nuclear Core Propulsion Improved Treads Treads Improved Treads Leg Titanium Leg Utility Large Storage Unit Device Terrain Scanner Storage Large Storage Unit Processor Visual Processing Unit Weapon Medium Laser Energy Gun Medium Laser Ballistic Gun Shotgun Build | -11 -10 -9 ------- Run | Scr Mat Mat Slots Evolved 2 | . . 2 Power . | . . . Propulsion 2 | . . 2 Utility . | . . . Weapon . | . . . Parts Attached 27 | 6 5 16 Power 2 | 1 . 1 Engine 1 | 1 . . Core 1 | . . 1 Reactor . | . . . Propulsion 11 | 2 3 6 Treads 7 | 2 3 2 Leg 4 | . . 4 Wheel . | . . . Hover . | . . . Flight . | . . . Utility 4 | 1 2 1 Device 1 | . 1 . Storage 2 | 1 1 . Processor 1 | . . 1 Hackware . | . . . Protection . | . . . Artifact . | . . . Weapon 10 | 2 . 8 Energy Gun 8 | 2 . 6 Energy Cannon . | . . . Ballistic Gun 2 | . . 2 Ballistic Cannon . | . . . Launcher . | . . . Special Weapon . | . . . Impact Weapon . | . . . Slashing Weapon . | . . . Piercing Weapon . | . . . Special Melee Weapon . | . . . Unidentified Prototypes . | . . . Parts Lost 7 | . . 7 Power 1 | . . 1 Propulsion . | . . . Utility . | . . . Weapon 6 | . . 6 Highest Loss Streak 3 | . . 3 Average Slot Usage (%) 91 | . 85 97 Engine 10 | . 14 6 Core 2 | . . 4 Treads 27 | . 28 26 Leg 7 | . . 17 Storage 12 | . 14 11 Processor 4 | . . 10 Energy Gun 21 | . 28 14 Ballistic Gun 3 | . . 6 Naked Turns . | . . . Heaviest Build 27 | 13 26 27 Greatest Support 92 | 40 46 92 Greatest Overweight (x) 1 | 1 . 1 Average Overweight (x) . | . . . Largest Inventory Capacity 10 | 6 10 10 Average Capacity 9 | 5 9 10 Most Carried 9 | 2 9 9 Average Carried 6 | 1 6 6 Final Capacity 10 | 6 10 10 Final Carried 8 | 2 8 8 Class Distribution -------------------- 95% | Mutant 4% | Scavenger-Mutant Dominant Class ---------------- Mutant | -10/Materials Mutant | -9/Materials Resources | -11 -10 -9 ----------- Run | Scr Mat Mat Matter Collected 550 | 213 83 254 Remotely . | . . . Salvage Created 949 | . 198 751 Parts 64 | . 12 52 Haulers Intercepted . | . . . Recyclers Shooed 1 | . . 1 Parts Field Recycled . | . . . Retrieved Matter . | . . . Parts Self-Destructed . | . . . Prevented . | . . . Kills | -11 -10 -9 ------- Run | Scr Mat Mat Combat Hostiles Destroyed 22 | . 6 16 Guns 21 | . 6 15 AOE 1 | . . 1 Classes Destroyed 5 | . 3 2 Builder 1 | . . 1 Watcher 6 | . 1 5 Swarmer 6 | . 3 3 Grunt 13 | . 3 10 Sentry 3 | . . 3 Best Kill Streak 4 | . 3 4 Combat Bots Only 3 | . 3 3 Max Kills in Single Turn 2 | . 2 2 Gunslinging 1 | . 1 . Exploded 1 | . . 1 Melee . | . . . Uniques/NPCs Destroyed . | . . . Combat | -11 -10 -9 -------- Run | Scr Mat Mat Damage Taken 927 | . 129 798 Core 131 | . 21 110 Absorbed by Shields . | . . . Core Remaining (%) 95 | 100 91 . Volleys Fired 75 | . 16 59 Largest 2 | . 2 2 Hottest 100 | . 100 100 Shots Fired 140 | . 32 108 Gun 140 | . 32 108 Cannon . | . . . Launcher . | . . . Special . | . . . Kinetic 31 | . . 31 Thermal 84 | . 32 52 Explosive . | . . . Electromagnetic 25 | . . 25 Robot Hit Streak 28 | . 28 27 Robot Miss Streak 2 | . 1 2 Penetration Max . | . . . Secondary Targets 4 | . 2 2 Max Gunslinging Chain 1 | . 1 1 Shots Hit Robots 117 | . 29 88 Core Hits 50 | . 10 40 Critical Hits 3 | . . 3 Critical Kills . | . . . Critical Parts Destroyed 3 | . . 3 Melee Attacks . | . . . Impact . | . . . Slashing . | . . . Piercing . | . . . Sneak Attacks . | . . . Combat Hostiles . | . . . Follow-up Attacks . | . . . Damage Inflicted 1635 | . 356 1279 Guns 1587 | . 350 1237 Cannons . | . . . Explosions 42 | . . 42 Melee . | . . . Ramming 6 | . 6 . Kinetic 457 | . . 457 Thermal 855 | . 350 505 Explosive . | . . . Electromagnetic 317 | . . 317 Impact . | . . . Slashing . | . . . Piercing . | . . . Highest Corruption . | . . . Average Corruption . | . . . Corruption Purged . | . . . Overload Shots . | . . . Overflow Damage . | . . . Projectiles . | . . . Explosions . | . . . Melee . | . . . Knockbacks . | . . . Impact . | . . . Kinetic . | . . . Secondary . | . . . Self-Inflicted Damage . | . . . Shots . | . . . Rammed 1 | . 1 . Targets Rammed 1 | . 1 . Kicked . | . . . Crushed . | . . . Highest Temperature 308 | . 308 188 Average Temperature 71 | . 123 45 Received Heat Transfer 447 | . 42 405 Siege Activations . | . . . Robots Corrupted . | . . . Combat Hostiles . | . . . Parts Fried . | . . . Impact Corruptions . | . . . Robots Melted . | . . . Combat Hostiles . | . . . Parts Melted 2 | . 1 1 Heat Transferred 2240 | . 1036 1204 Parts Sabotaged . | . . . Parts Stolen . | . . . Parts Stripped . | . . . Power Chain Reactions 1 | . . 1 Missiles Intercepted . | . . . Alert | -11 -10 -9 ------- Run | Scr Mat Mat Peak Influence 354 | . 147 354 Initial 10 | . . 10 Average 98 | . 41 174 Maximum Alert Level 1 | . . 1 Low Security (%) 85 | 100 100 66 Level 1 14 | . . 33 Level 2 . | . . . Level 3 . | . . . Level 4 . | . . . Level 5 . | . . . High Security . | . . . Max Security . | . . . Squads Dispatched 4 | . 1 3 Investigation 2 | . 1 1 Extermination . | . . . Reinforcement 2 | . . 2 Assault . | . . . Garrison . | . . . Intercept . | . . . Construction Impeded . | . . . Haulers Reinforced . | . . . Stealth | -11 -10 -9 --------- Run | Scr Mat Mat Distress Signals 4 | . . 4 Communications Jammed . | . . . Distress Signals . | . . . Times Spotted 43 | . 12 31 Peak Tracking Total 5 | . 4 5 Tactical Retreats 2 | . 2 . Traps | -11 -10 -9 ------- Run | Scr Mat Mat Traps Triggered . | . . . Indirectly . | . . . Trap Hack Attempts . | . . . Triggered . | . . . Disarmed . | . . . Reprogrammed . | . . . Reused . | . . . Traps Extracted . | . . . Installed . | . . . Triggered . | . . . Machines | -11 -10 -9 ---------- Run | Scr Mat Mat Machines Disabled . | . . . Max in Single Turn . | . . . Machines Sabotaged . | . . . Garrisons Compromised . | . . . Overloaded Fab Kills . | . . . Fab Network Shutdowns . | . . . Hacking | -11 -10 -9 --------- Run | Scr Mat Mat Machines Accessed 10 | . 7 3 Terminals 8 | . 6 2 Fabricators . | . . . Repair Stations . | . . . Recycling Units 1 | . 1 . Scanalyzers 1 | . . 1 Garrison Access . | . . . Total Hacks 27 | . 17 10 Successful 16 | . 9 7 Failed 11 | . 8 3 Catastrophic 4 | . 3 1 Database Lockouts . | . . . Manual 20 | . 12 8 Terminals 24 | . 16 8 Fabricators . | . . . Repair Stations . | . . . Recycling Units 1 | . 1 . Scanalyzers 2 | . . 2 Garrison Access . | . . . Terminal Hacks 9 | . 5 4 Part Schematic 1 | . . 1 Robot Analysis 2 | . 2 . Prototype ID Bank 1 | . . 1 Level Access Points 2 | . 1 1 Terminal Index 1 | . 1 . Alert Level 1 | . 1 . Hauler Manifests 1 | . . 1 Fabricator Hacks . | . . . Repair Station Hacks . | . . . Recycling Unit Hacks 1 | . 1 . Report Inventory 1 | . 1 . Scanalyzer 2 | . . 2 Insert Component 1 | . . 1 Analyze 1 | . . 1 Garrison Access Hacks . | . . . Unauthorized Hacks 4 | . 3 1 Terminals 4 | . 3 1 Assimilate 4 | . 3 1 Fabricators . | . . . Repair Stations . | . . . Recycling Units . | . . . Scanalyzers . | . . . Garrison Access . | . . . Data Cores Recovered . | . . . Used . | . . . Hacking Detections 9 | . 6 3 Full Trace Events 4 | . 3 1 Feedback Events . | . . . Feedback Blocked . | . . . Robot Schematics Acquired . | . . . Robots Built . | . . . Matter . | . . . Time . | . . . Total Robot Build Rating . | . . . Part Schematics Acquired 2 | . . 2 Parts Built . | . . . Matter . | . . . Time . | . . . Total Part Build Rating . | . . . Parts Repaired . | . . . Time . | . . . Parts Recycled . | . . . Recycled Matter . | . . . Retrieved Matter . | . . . Retrieved Components . | . . . Parts Scanalyzed 1 | . . 1 Part Schematics Acquired 1 | . . 1 Parts Damaged . | . . . Bothacking | -11 -10 -9 ------------ Run | Scr Mat Mat Used RIF Installer . | . . . Robots Hacked . | . . . Non-combat . | . . . Combat . | . . . Robot Hacks Applied . | . . . Relay Couplers Released . | . . . Robots Rewired . | . . . Allies Hacked . | . . . Hacks Repelled . | . . . Allies | -11 -10 -9 -------- Run | Scr Mat Mat Total Allies . | . . . Largest Group . | . . . Highest-Rated Group . | . . . Highest-Rated Ally . | . . . Total Orders . | . . . Ally Attacks . | . . . Total Damage . | . . . Kills . | . . . Allies Corrupted . | . . . Allies Melted . | . . . Intel | -11 -10 -9 ------- Run | Scr Mat Mat Robot Analysis Total 2 | . 2 . Derelict Logs Recovered . | . . . Drone Launches . | . . . Drone Recoveries . | . . . Exploration | -11 -10 -9 ------------- Run | Scr Mat Mat Turns Passed 1910 | 67 1007 836 Spaces Moved 960 | 40 557 363 Core 12 | 12 . . Treads 805 | 28 557 220 Legs 143 | . . 143 Wheels . | . . . Hover . | . . . Flight . | . . . Fastest Speed 50 | 50 160 130 Average Speed 154 | 135 160 148 Slowest Speed 160 | 160 160 160 Overloaded Moves . | . . . Propulsion Burnouts . | . . . Robots Hopped . | . . . Cave-ins Triggered . | . . . Exploration Rate (%) 37 | 4 62 45 Regions Visited 2 Branch Regions . Pre-discovered Areas . | . . . Known Exits Taken 1 | . 1 . Unknown Exits Taken 1 | 1 . . Scrap Searched . | . . . Spaces Dug . | . . . Terrain Destroyed 5 | . . 5 Melee . | . . . Projectile . | . . . AOE 5 | . . 5 Terrain Rammed . | . . . Walls Destroyed . | . . . Machines Disabled . | . . . Actions | -11 -10 -9 --------- Run | Scr Mat Mat Total 1247 | 53 641 553 Wait 143 | . 47 96 Move 958 | 39 556 363 Hop . | . . . Pick Up 32 | 8 11 13 Fast Attach . | . . . Attach 18 | 6 1 11 Detach . | . . . Swap 9 | . 4 5 Drop 11 | . 5 6 Fire 75 | . 16 59 Melee . | . . . Ram . | . . . Kick . | . . . Crush 1 | . 1 . Escape Stasis . | . . . Rewire . | . . . Trap . | . . . Miscellaneous . | . . . Route ------- -11/Scrapyard -10/Materials (discovered 4 exits: *Mat x3 / [*Min]) -9/Materials (discovered 4 exits: Mat x3 / [*Min]) History --------- Turn | Location | Event 2 | -11/Scrapyard | Met Revision 17 23 | -11/Scrapyard | Discovered new exit (range 14) 68 | -11/Scrapyard | Entered Materials 231 | -10/Materials | Discovered new exit (range 12) 317 | -10/Materials | Build established: Mutant 867 | -10/Materials | Discovered new exit (range 16) 980 | -10/Materials | Discovered new exit (range 14) 1051 | -10/Materials | Identified exit to Materials 1075 | -10/Materials | Entered another Materials area 1075 | -9/Materials | Evolved 2 slots: Propulsion x2 1632 | -9/Materials | Discovered new exit (range 18) 1847 | -9/Materials | Identified exit to Materials 1911 | -9/Materials | Self-destructed Last Messages --------------- 01837_ U-05 Engineer lays Concrete. 01839_ K-01 Serf cleans the Machine. 01847_ Connecting with Terminal... >>Access(Main) Found 3 level access points to Materials: (94,19) (22,8) (14,83) Map updated. 01847_ ALERT: Suspicious activity at Terminal M004. Dispatching Investigation squad. 01876_ U-05 Engineer lays Concrete. 01885_ O-16 Technician uses terminal to summon reinforcements. 01885_ ALERT: Hostiles spotted, dispatching reinforcements to Terminal M001. 01885_ O-16 Technician locks terminal. 01905_ Lgt. Nuclear Core destroyed. 01908_ Particle Gun destroyed. 01910_ Shotgun destroyed. Map ----- +----------------------------------------------------+ | ?????????????????????????????????????????????????? | | ?????????????????????????????????????????????????? | | ?????????????????????????????????????????????????? | | ?????????????????????????????????????????????????? | | ?????????????????????????????????????????????????? | | ?????????????????????????????????????????????????? | | ????????????????? ????????????????????????????? | | ????????????????? #??????????????????????????? | | ????????????????# #??????????????????????????? | | ????????????????# #??????????????????????????? | | ????????????????# ##+###?????????????????????? | | ????????????????# #?????????????????????? | | ????????????????# #?????????????????????? | | ?????????######## #????????? ??????????? | | ?????????# # ###?????? #?????????? | | ?????????# ""# #T####### #?????????? | | ?????????# T"# ^ ^ #?????????? | | ?????????# ""# /?????????? | | ?????????# # #?????????? | | ########?# # #?????????? | | #######+## o #?????????? | | #?????????? | | !%<* = ^ ???????????? | | = ==% """ ???????????? | | " *%"##+####### l"" """ ??????????? | | " !"!="# ######+#### @"T """ #?????????? | | """""""# # T #gY"" """ #?????????? | | ######## """ # #g #?????????? | | ???????# """ # """ """ # #????????? | | ???????# """ # """ """ ##### #????????? | | ???????# # """ """ #???# #????????? | | ???????# # #???# #????????? | | ???????####### #???# #????????? | | ?????????????# = #???# ##########????????? | | ?????????????###########???# #?????????????????? | | ???????????????????????????# +?????????????????? | | ???????????????????????????# #?????????????????? | | ???????????????????????????? #?????????????????? | | ???????????????????????????? #?????????????????? | | ???????????????????????????? ?????????????????? | | ???? ????????????????????? ?????????????????? | | ??? ????????????????????? ?????????????????? | | ??? ????????????????????? ????????????????? | | ??? ????????????????????? #????????????????? | | ???# ?????????????????????###??????????????????? | | ???# ??????????????????????????????????????????? | | ???# ??????????????????????????????????????????? | | ???# ??????????????????????????????????????????? | | ???# #?????????????????????????????????????????? | | ???# #?????????????????????????????????????????? | +----------------------------------------------------+ Best States ------------- Heat Dissipation 28 Energy Generation 14 Energy Capacity 250 Matter Stores 300 Matter Capacity 300 Sight Range 18 Terrain Scan Range 14 Terrain Scan Density 10 Resistance: KI 20 Resistance: TH 20 Resistance: EX 20 Resistance: EM 20 Resistance: I 20 Resistance: S 20 Resistance: P 20 Evasion (%) 40 Recoil Reduction 4 Offensive Hacking 10 Item Schematics ----------------- Lrg. Storage Unit | -9/Materials | Scanalyzed Hcp. Storage Unit | -9/Materials | Hacked Robot Schematics ------------------ None Fabricated ------------ Nothing Alien Tech Used ----------------- None Achievements -------------- root@ Challenges ------------ None Game ------ Seed WeldingSurgeVibroblade Manual? 0 Play Time 00:21:32 Cumulative 21.8 hours Start 2020.10.06 @ 17:50:32 End 2020.10.06 @ 18:10:20 Sessions 1 Manual Loads 0 Difficulty Adventurer Special Mode None Game No. 37 Rogue 23 Adventurer 14 Explorer 0 Win Type - Total 0 Types 0/0/0/0/0/0/0/0/0 Lore% 24 Gallery% 29 Achievement% 29 Wizard Run 0 Options --------- ASCII 0 Keyboard 0 Movement Arrows Keybinds 0 Fullscreen 2 Font 32/Terminus Map View 63x52 Tactical HUD 1 Map Filters NONE Filters NONE Steam 1 RUN: f56d91d0-34bd-4cda-94cf-aab75cd2d6c8